 Dungeon Crawl Stone Soup version 0.28.0 (webtiles) character file.

Game seed: 15874725037008576180

655 Sharkman1231 the Chiller (level 7, -6/46 HPs)
             Began as a Demonspawn Ice Elementalist on Feb 5, 2022.
             Mangled by a troll (9 damage)
             ... on level 6 of the Dungeon.
             The game lasted 00:04:35 (5044 turns).

Sharkman1231 the Chiller (DsIE)                     Turns: 5044, Time: 00:04:37

Health: -6/46      AC:  5    Str:  8    XL:     7   Next: 29%
Magic:  7/13       EV: 16    Int: 18    God:
Gold:   167        SH:  4    Dex: 14    Spells: 10/14 levels left

rFire   . . .      SeeInvis .   (no weapon)
rCold   . . .      Faith    .   (no shield)
rNeg    . . .      Spirit   .   a - +0 robe
rPois   .          Reflect  .   (no helmet)
rElec   .          Harm     .   (no cloak)
rCorr   .          Rampage  .   e - +0 pair of gloves
Will    .....                   (no boots)
Stlth   ++........              (no amulet)
HPRegen 0.15/turn               p - +4 ring of evasion
MPRegen 0.13/turn               (no ring)

@: freezing walls, studying Conjurations
A: molten scales 1, powered by death 1, condensation shield
a: no special abilities


You were on level 6 of the Dungeon.
You visited 1 branch of the dungeon, and saw 6 of its levels.

You collected 167 gold pieces.

Inventory:

Armour
 a - a +0 robe (worn)
 e - a +0 pair of gloves (worn)
Jewellery
 p - a +4 ring of evasion (left hand)
Scrolls
 c - a scroll of brand weapon {unknown}
 d - a scroll of amnesia {unknown}
 g - a scroll of magic mapping {unknown}
 i - a scroll of enchant armour
 k - a scroll of fog
 l - 2 scrolls of teleportation
 m - 2 scrolls of immolation {unknown}
 o - a scroll of torment {unknown}
Potions
 b - a potion of ambrosia
 f - 2 potions of resistance
 h - 3 potions of curing {unknown}
 j - a potion of heal wounds {unknown}
 n - a potion of haste {unknown}


   Skills:
 - Level 1.7 Dodging
 - Level 1.7 Stealth
 + Level 4.4 Spellcasting
 * Level 2.1 Conjurations
 * Level 6.9 Ice Magic


You had 10 spell levels left.
You knew the following spells:

 Your Spells              Type           Power      Damage    Failure   Level
a - Freeze                Ice            100%       1d11      1%          1
b - Frozen Ramparts       Ice            58%        1d7       2%          3

Your spell library contained the following spells:

 Spells                   Type           Power      Damage    Failure   Level
 Ozocubu's Armour         Ice            29%        N/A       2%          3
 Shock                    Conj/Air       28%        1d4       9%          1
 Hailstorm                Conj/Ice       20%        3d6       22%         4
 Swiftness                Air            3%         N/A       38%         3
 Airstrike                Air            1%         N/A       80%         4


Dungeon Overview and Level Annotations

Branches:
Dungeon (6/15)
 Temple: D:4-7

Altars:
Yredelemnul

Annotations:
D:5 exclusion: necrophage, Edmund


Innate Abilities, Weirdness & Mutations

You are partially covered in molten scales. (AC +2)
You regenerate a little health from kills.
A meltable shield of frost defends you. (SH +4)


Message History

The wall freezes the troll.
The troll bites you! The troll barely misses you. x2
Casting: Frozen Ramparts (dangerous; 2% risk of failure)
Confirm with . or Enter, or press ? or * to list all spells.
Aiming: Freeze (safe; 1% risk of failure)
Press: ? - help, Shift-Dir - straight line, f - troll
Aim: a troll You freeze the troll.
The troll is lightly wounded.
The wall freezes the troll.
The troll bites you! The troll claws you but does no damage.
The troll claws you!
* * * LOW HITPOINT WARNING * * *
Unknown command.
Unknown command.
Okay, then.
Unknown command.
Casting: Freeze (safe; 1% risk of failure)
Confirm with . or Enter, or press ? or * to list all spells.
Aiming: Freeze (safe; 1% risk of failure)
Press: ? - help, Shift-Dir - straight line, f/p - troll
Aim: a troll (moderately wounded)
You freeze the troll.
The troll is heavily wounded.
The wall freezes the troll!
The troll bites you.
* * * LOW HITPOINT WARNING * * *
The troll misses you. The troll barely misses you.
Unknown command.
Unknown command.
Unknown command.
Unknown command.
Unknown command.
Unknown command.
Casting: Freeze (safe; 1% risk of failure)
Confirm with . or Enter, or press ? or * to list all spells.
Aiming: Freeze (safe; 1% risk of failure)
Press: ? - help, Shift-Dir - straight line, f/p - troll
Aim: a troll (heavily wounded)
You freeze the troll.
The troll is heavily wounded.
The wall freezes the troll.
The troll closely misses you. The troll claws you!
You die...

.?.. . ... #
####...#
#.##......
.###.#...#.# #
.....?....# .#
#..#..T# #.#
#....@## #..##
##.....##
#.....
######.###....
####.#..#
#.....<.#
#.####### #


You could see a troll.

Vanquished Creatures
  Sigmund (D:4)
  A sky beast (D:4)
  An ogre (D:4)
  A necrophage (D:4)
  A bullfrog (D:3)
  An orc wizard (D:4)
  A hound skeleton (D:4)
  6 adders
  3 worms
  2 dart slugs
  4 orcs (D:4)
  8 endoplasms
  A giant cockroach (D:1)
  7 goblins
  6 hobgoblins
  2 quokkas
  8 ball pythons
  4 bats
  5 frilled lizards
  11 kobolds
  A rat (D:1)
  A spectral orc (D:4)
76 creatures vanquished.

Notes
Turn   | Place    | Note
-------+----------+-------------------------------------------
     0 | D:1      | Sharkman1231 the Demonspawn Ice Elementalist began the
                  | quest for the Orb.
     0 | D:1      | Reached XP level 1. HP: 13/13 MP: 3/3
   393 | D:1      | Reached skill level 4 in Ice Magic
   393 | D:1      | Gained mutation: A meltable shield of frost defends you.
                  | (SH +4) [demonic ancestry]
   393 | D:1      | Reached XP level 2. HP: 19/19 MP: 3/5
  1386 | D:2      | Reached XP level 3. HP: 24/24 MP: 0/6
  1708 | D:2      | Found a faded altar of an unknown god.
  1883 | D:2      | Learned a level 3 spell: Frozen Ramparts
  2601 | D:3      | Reached XP level 4. HP: 30/30 MP: 5/8
  2654 | D:3      | Noticed a bullfrog
  2665 | D:3      | Killed a bullfrog
  2666 | D:3      | Reached skill level 5 in Ice Magic
  3080 | D:3      | Gained mutation: You are partially covered in molten
                  | scales. (AC +2) [demonic ancestry]
  3080 | D:3      | Reached XP level 5. HP: 33/35 MP: 6/9
  3689 | D:4      | Noticed an ogre
  3704 | D:4      | Killed an ogre
  3778 | D:4      | Noticed Sigmund
  3794 | D:4      | Killed Sigmund
  3795 | D:4      | Reached skill level 6 in Ice Magic
  3795 | D:4      | Gained mutation: You regenerate a little health from kills.
                  | [demonic ancestry]
  3795 | D:4      | Reached XP level 6. HP: 20/41 MP: 8/12
  4221 | D:4      | Noticed a sky beast
  4228 | D:4      | Killed a sky beast
  4229 | D:4      | Reached XP level 7. HP: 38/46 MP: 7/13
  4485 | D:4      | Found a basalt altar of Yredelemnul.
  4694 | D:4      | Reached skill level 1 in Conjurations
  4864 | D:5      | Entered Level 5 of the Dungeon
  5016 | D:5      | Noticed Edmund
  5038 | D:6      | Noticed a troll
  5044 | D:6      | Mangled by a troll

Illustrated notes

Levels and vault maps discovered:
D:1:      nicolae_arrival_memento_mori, layout_basic
D:2:      layout_basic, shapermc_ecumenical_altar_mp_ritualfount,
          minmay_misc_feat_alley, minmay_misc_feat_x
D:3:      layout_basic
D:4:      layout_loops_cross, nicolae_wu_jian_glorious_leap,
          yredelemnul_forgotten_temple_becter, chequers_mini_garden,
          minmay_bent, uniq_sigmund
D:5:      layout_loops_cross, nrook_loot_triangle, uniq_edmund
D:6:      layout_loops_ring, nicolae_overflow_crystal_walls,
          grunt_dithmenos_shadows, minmay_temple_entry_fiery

Skill      XL: |  1  2  3  4  5  6  7 |
---------------+----------------------+-----
Ice Magic      | 4 5 6 |  6.9
Spellcasting   | 3 4 |  4.4
Conjurations   | 2 |  2.1
Dodging        | |  1.7
Stealth        | |  1.7

Action                   |  1- 3 |  4- 6 |  7- 9 || total
-------------------------+-------+-------+-------++-------
Melee: Unarmed           |    33 |     4 |    38 ||    75
       Punch             |       |       |     1 ||     1
 Cast: Freeze            |    63 |    35 |    22 ||   120
       Frozen Ramparts   |       |     3 |     3 ||     6
  Use: Scroll            |     3 |     2 |       ||     5
 Stab: Sleeping          |     1 |       |       ||     1
Armor: Robe              |     9 |    10 |    16 ||    35
Dodge: Dodged            |    47 |    12 |    29 ||    88
Block: Other             |    10 |     6 |     7 ||    23
